 Dungeon Sprint DCSS version 0.19-a0-1254-gb9c29c0 (webtiles) character file.

6573 Kidiri the Unseen (level 10, -12/53 HPs)
             Began as a Spriggan Enchanter on Aug 27, 2016.
             Was a High Priest of Dithmenos.
             Killed from afar by a crystal guardian (26 damage)
             ... with a crystal bolt
             ... in the Dungeon (Sprint II: "The Violet Keep of Menkaure").
             The game lasted 00:11:21 (1699 turns).

Kidiri the Unseen (Spriggan Enchanter)              Turns: 1699, Time: 00:11:23

Health: -12/53     AC:  5    Str:  4    XL:     10   Next: 70%
Magic:  12/27      EV: 35    Int: 19    God:    Dithmenos [*****.]
Gold:   992        SH:  0    Dex: 18    Spells: 5 memorised, 22 levels left

rFire  . . .     SeeInvis +     a - +1 dagger
rCold  + . .     Gourm    .     b - +1 robe
rNeg   . . .     Faith    .     (shield restricted)
rPois  .         Spirit   .     (helmet restricted)
rElec  +         Dismiss  .     e - +1 cloak of Starlight {rElec rC+ EV+4 Stlth--}
rCorr  .         Reflect  .     (gloves unavailable)
MR     +....     Harm     .     (boots unavailable)
Stlth  +++++++++. NoTele   +    (no amulet)
                                (no ring)
                                (no ring)

@: lethally poisoned (-12 -> -25), slowed, wreathed by umbra, quick
A: unfitting armour, see invisible, herbivore 3, speed 3, slow metabolism 2
a: Shadow Step, Shadow Form, Renounce Religion


You were in the Dungeon.
You worshipped Dithmenos.
Dithmenos was extremely pleased with you.
You were not hungry.

You visited 1 branch You collected 1481 gold pieces.
You spent 489 gold pieces at shops.

Inventory:

Hand Weapons
 a - a +1 dagger (weapon)
Armour
 b - a +1 robe (worn)
 e - the +1 cloak of Starlight (worn) {rElec rC+ EV+4 Stlth--}
   (You bought it in a shop in the Dungeon)

   It affects your evasion (+4).
   It protects you from cold.
   It insulates you from electricity.
   It makes you much less stealthy.
Scrolls
 j - a scroll of blinking
 n - 2 scrolls of enchant weapon {unknown}
 o - a scroll of amnesia
 q - a scroll of fog {unknown}
Potions
 f - 3 potions of resistance
 g - a potion of haste
 h - 5 potions of magic
 k - 3 potions of flight
 r - a potion of heal wounds
Books
 c - a book of Maledictions

   Spells                             Type                      Level
   a - Corona                         Hexes                        1
   b - Ensorcelled Hibernation        Hexes/Ice                    2
   c - Confuse                        Hexes                        3
   d - Tukima's Dance                 Hexes                        3
   e - Dazzling Spray                 Conjuration/Hexes            3
Comestibles
 d - 5 bread rations
 l - 2 slices of pizza


   Skills:
 + Level 6.3 Fighting
 * Level 11.5 Short Blades
 + Level 5.6 Armour
 * Level 14.5 Dodging
 * Level 16.0 Stealth
 * Level 12.5 Spellcasting
 + Level 3.6 Conjurations
 + Level 9.6 Hexes
 + Level 3.8 Ice Magic
 + Level 4.9 Invocations


You had 22 spell levels left.
You knew the following spells:

 Your Spells              Type           Power        Failure   Level  Hunger
a - Corona                Hex            #####..      1%          1    None
b - Ensorcelled Hibernat  Hex/Ice        #####.       1%          2    None
c - Confuse               Hex            #####...     1%          3    None
d - Tukima's Dance        Hex            #####...     1%          3    None
e - Dazzling Spray        Conj/Hex       #####.       1%          3    None


Dungeon Overview and Level Annotations

Branches:
Dungeon (1/1)

Altars:
Cheibriados
Dithmenos
Elyvilon
Fedhas
Gozag
Hepliaklqana
Kikubaaqudgha
Makhleb
Nemelex Xobeh
Okawaru
Qazlal
Ru
Sif Muna
Trog
Uskayaw
Vehumet
Xom
Yredelemnul
Zin
The Shining One
Beogh
Jiyva
Lugonu

Shops:
D (?::%%=}*[!%=!*[

Annotations:
D exclusion: oklob plant


Innate Abilities, Weirdness & Mutations

You are tiny and cannot use many weapons and most armour.
You have supernaturally acute eyesight. (SInv)
You are a herbivore.
You cover ground extremely quickly.
You need consume almost no food.


Message History

The death drake is moderately wounded.
The death drake is dazzled.
The spray of energy hits the crystal guardian.
You are engulfed in dark miasma.
You are more poisoned.
You feel your flesh rotting away!
* * * LOW HITPOINT WARNING * * *
You feel extremely sick. The death drake breathes miasma at you.
The foul vapour misses you. The death drake completely misses you.
The crystal guardian hits you.
* * * LOW HITPOINT WARNING * * *
Unknown command.
You feel better.
You are engulfed in dark miasma.
You are poisoned.
* * * LOW HITPOINT WARNING * * *
You feel very sick. The death drake misses you.
The crystal guardian fires a crystalline bolt at you.
The crystal bolt freezes you! You resist.
You die...

§§§§§## ..▓ .§§..§## ▓▓+▓▓▓▓.▓
§8§.§§.##++## +.§§▓0..▓
§§§§.§##≈...### #§..▓▓▓▓▓▓▓▓▓▓
§... e≈...^.###§§§▓≈≈§§§≈≈≈▓▓
+#+++#####....#!##§)▓▓▓▓▓▓▓▓▓▓▓
......#..+....#.k#§)▓..([)..!▓▓
#+##..#..####.#k8#|}▓.(....(.▓▓
...##.####..+.##@#):▓........▓▓
.#..#....#..#...####▓()((.((.▓▓
.#.####..#####..##.#▓.....[(.▓▓
#'###.##..#..'..#..#▓()[..[[)▓▓
#.##.).#..#..#..#..#▓().(..).▓▓
.<.'.#.+..####^^##.#▓[[..)...▓▓
#.##...#....###...##▓▓▓▓▓▓▓+▓▓▓▓+
#'###.##......≈≈≈≈≈≈≈≈≈≈≈≈≈...≈≈≈
.#.####≈≈.....≈#)########+###.≈≈≈


You could see a death drake (blind), a crystal guardian and a swamp drake.

Vanquished Creatures
  A kraken (D)
  A death drake (D)
  3 shining eyes (D)
  A siren (D)
  A yaktaur (D)
  3 polar bears (D)
  2 boulder beetles (D)
  3 yaks (D)
  Menkaure (D)
  A wasp (D)
  4 necrophages (D)
  3 crocodiles (D)
  A scorpion (D)
  9 electric eels (D)
  4 worker ants (D)
  A spectral adder (D)
  A spectral giant cockroach (D)
40 creatures vanquished.

Vanquished Creatures (others)
  A swamp drake (D)
  A crocodile (D)
  4 tentacles (D)
6 creatures vanquished.

Grand Total: 46 creatures vanquished

Notes
Turn   | Place    | Note
-------+----------+-------------------------------------------
     0 | D        | Kidiri the Spriggan Enchanter began the quest for the Orb.
     0 | D        | Reached XP level 1. HP: 9/9 MP: 5/5
     1 | D        | Noticed a worker ant
     1 | D        | Noticed a worker ant
     1 | D        | Noticed a worker ant
     1 | D        | Noticed a worker ant
     5 | D        | Noticed a necrophage
     5 | D        | Noticed a necrophage
     5 | D        | Noticed a necrophage
     5 | D        | Noticed a necrophage
    15 | D        | Killed a necrophage
    15 | D        | Reached skill level 1 in Fighting
    15 | D        | Reached skill level 1 in Armour
    15 | D        | Reached skill level 5 in Dodging
    15 | D        | Reached skill level 7 in Stealth
    15 | D        | Reached skill level 5 in Spellcasting
    15 | D        | Reached XP level 2. HP: 5/15 MP: 6/9
    15 | D        | Reached XP level 3. HP: 7/18 MP: 6/10
    15 | D        | Reached XP level 4. HP: 8/23 MP: 7/12
    21 | D        | Killed a necrophage
    21 | D        | Reached skill level 8 in Stealth
    21 | D        | Reached skill level 5 in Hexes
    21 | D        | Reached XP level 5. HP: 5/26 MP: 7/14
    27 | D        | Killed a necrophage
    27 | D        | Reached skill level 5 in Short Blades
    27 | D        | Reached skill level 9 in Stealth
    66 | D        | Killed a necrophage
    66 | D        | Reached skill level 10 in Stealth
    66 | D        | Reached XP level 6. HP: 15/32 MP: 11/17
    71 | D        | Learned a level 3 spell: Confuse
    74 | D        | Learned a level 2 spell: Ensorcelled Hibernation
    78 | D        | Learned a level 3 spell: Tukima's Dance
    82 | D        | Learned a level 3 spell: Dazzling Spray
   381 | D        | Noticed a siren
   384 | D        | Killed a siren
   384 | D        | Reached skill level 10 in Dodging
   384 | D        | Reached skill level 11 in Stealth
   384 | D        | Reached XP level 7. HP: 37/37 MP: 17/20
   396 | D        | Noticed a boulder beetle
   396 | D        | Noticed a boulder beetle
   405 | D        | Killed a boulder beetle
   405 | D        | Reached skill level 12 in Stealth
   476 | D        | Killed a boulder beetle
   476 | D        | Reached XP level 8. HP: 42/42 MP: 15/22
   525 | D        | Noticed an obsidian statue
   527 | D        | Noticed Menkaure
   528 | D        | Found Retyliurro's General Store.
   528 | D        | Found Gudghoytt's Antique Armour Emporium.
   529 | D        | Killed Menkaure
   545 | D        | Noticed a flying skull
   546 | D        | Noticed a flying skull
   547 | D        | Noticed a flying skull
   547 | D        | Noticed a flying skull
   547 | D        | Noticed a flying skull
   547 | D        | Noticed a flying skull
   547 | D        | Noticed a flying skull
   547 | D        | Noticed a flying skull
   551 | D        | Found Paohetiu's Food Emporium.
   552 | D        | Found Luekh's Antique Armour Emporium.
   552 | D        | Found Cahuk's General Store.
   560 | D        | Found Doetarid's Gadget Shoppe.
   560 | D        | Found Munlicojeck's Distillery.
   562 | D        | Found Peunwev's Jewellery Shoppe.
   562 | D        | Found Loikh's Food Emporium.
   562 | D        | Found Juamnas's Distillery.
   563 | D        | Found Gonkello's Jewellery Shoppe.
   566 | D        | Found Fonge's Food Emporium.
   566 | D        | Found Cogeig's Book Shoppe.
   566 | D        | Noticed an oklob plant
   567 | D        | Found Xaku's Magic Scroll Shoppe.
   567 | D        | Found Sathrergha's Book Shoppe.
   567 | D        | Found Wakhes's Antique Weapon Emporium.
   569 | D        | Noticed a polar bear
   570 | D        | Noticed a polar bear
   636 | D        | Bought the +1 cloak of Starlight {rElec rC+ EV+4 Stlth--} for 489 gold pieces
   670 | D        | Found a roughly hewn altar of Beogh.
   678 | D        | Found a hazy altar of Hepliaklqana.
   678 | D        | Found a snail-covered altar of Cheibriados.
   679 | D        | Found a stormy altar of Qazlal.
   679 | D        | Found a viscous altar of Jiyva.
   679 | D        | Found a shadowy altar of Dithmenos.
   680 | D        | Found a sacrificial altar of Ru.
   680 | D        | Found an ancient bone altar of Kikubaaqudgha.
   680 | D        | Found a white marble altar of Elyvilon.
   681 | D        | Found a shimmering altar of Xom.
   681 | D        | Found a deep blue altar of Sif Muna.
   681 | D        | Found a corrupted altar of Lugonu.
   681 | D        | Found a blossoming altar of Fedhas.
   682 | D        | Found a basalt altar of Yredelemnul.
   682 | D        | Found a bloodstained altar of Trog.
   682 | D        | Found a burning altar of Makhleb.
   683 | D        | Found a glowing silver altar of Zin.
   683 | D        | Found a hide-covered altar of Uskayaw.
   685 | D        | Found a glowing golden altar of the Shining One.
   685 | D        | Found a radiant altar of Vehumet.
   685 | D        | Found a sparkling altar of Nemelex Xobeh.
   685 | D        | Noticed a polar bear
   686 | D        | Found an opulent altar of Gozag.
   686 | D        | Found an iron altar of Okawaru.
   686 | D        | Noticed a yaktaur
   687 | D        | Noticed a polar bear
   691 | D        | Became a worshipper of Dithmenos the Shadowed
   694 | D        | Noticed a polar bear
   703 | D        | Killed a yaktaur
   703 | D        | Reached skill level 13 in Stealth
   703 | D        | Reached skill level 10 in Spellcasting
   703 | D        | Reached skill level 1 in Invocations
   705 | D        | Killed a polar bear
   705 | D        | Reached skill level 1 in Conjurations
   705 | D        | Reached skill level 1 in Ice Magic
   711 | D        | Killed a polar bear
   711 | D        | Reached * piety under Dithmenos
   711 | D        | Reached XP level 9. HP: 26/46 MP: 8/24
   724 | D        | Killed a polar bear
   724 | D        | Reached skill level 5 in Fighting
   822 | D        | Noticed a death drake
   828 | D        | Reached ** piety under Dithmenos
   833 | D        | Reached skill level 14 in Stealth
   837 | D        | Reached skill level 10 in Short Blades
   917 | D        | Noticed a shining eye
   917 | D        | Noticed a shining eye
   918 | D        | Noticed a shining eye
   919 | D        | Killed a shining eye
   921 | D        | Killed a shining eye
   921 | D        | Reached *** piety under Dithmenos
   928 | D        | Killed a shining eye
   928 | D        | Reached skill level 5 in Armour
   934 | D        | Noticed a deep elf master archer
   947 | D        | Reached XP level 10. HP: 52/52 MP: 14/26
  1031 | D        | Noticed a kraken
  1163 | D        | Killed a kraken
  1163 | D        | Reached **** piety under Dithmenos
  1163 | D        | Reached skill level 15 in Stealth
  1312 | D        | Noticed a sixfirhy
  1320 | D        | Reached ***** piety under Dithmenos
  1690 | D        | Noticed a death drake
  1690 | D        | Noticed a crystal guardian
  1695 | D        | Killed a death drake
  1695 | D        | Reached skill level 16 in Stealth
  1699 | D        | Killed from afar by a crystal guardian

Vault maps used:
D:        the_violet_keep_of_menkaure

Skill      XL: |  1  2  3  4  5  6  7  8  9 10 |
---------------+-------------------------------+-----
Fighting       | 1 2 3 4 5 6 |  6.3
Short Blades   | 3 4 6 7 8 9 10 11 | 11.5
Armour         | 1 2 3 4 5 |  5.6
Dodging        | 5 7 8 10 11 12 13 14 | 14.5
Stealth        | 7 8 10 11 12 13 14 16 | 16.0
Spellcasting   | 5 6 7 9 10 11 12 | 12.5
Hexes          | 4 5 6 7 8 9 |  9.6
Invocations    | 1 3 4 |  4.9
Conjurations   | 1 2 3 |  3.6
Ice Magic      | 1 2 3 |  3.8

Action                   |  1- 3 |  4- 6 |  7- 9 | 10-12 || total
-------------------------+-------+-------+-------+-------++-------
Melee: Dagger            |     8 |    40 |    40 |    13 ||   101
 Cast: Corona            |       |     3 |       |       ||     3
       Ensorcelled Hiber |       |     5 |    13 |     5 ||    23
       Dazzling Spray    |       |       |     6 |    21 ||    27
       Confuse           |       |       |     4 |       ||     4
Invok: Shadow Step       |       |       |       |     1 ||     1
  Use: Potion            |     1 |     2 |       |     2 ||     5
       Scroll            |       |       |       |     5 ||     5
 Stab: Sleeping          |       |     5 |    12 |     4 ||    21
       Invisible         |       |       |     3 |     4 ||     7
       Confused          |       |       |     6 |       ||     6
Armor: Robe              |       |     2 |     1 |       ||     3
Dodge: Dodged            |     2 |    33 |    31 |    49 ||   115
